 Dungeon Crawl Stone Soup version 0.22.1-2-g9c5b331383 (webtiles) character file.

67 Morrissey the Digger (level 4, -5/38 HPs)
             Began as a Deep Dwarf Earth Elementalist on Nov 29, 2018.
             Slain by Terence
             ... wielding a +0 flail
              (10 damage)
             ... on level 3 of the Dungeon.
             The game lasted 00:05:33 (2005 turns).

Morrissey the Digger (DDEE)                         Turns: 2005, Time: 00:05:34

Health: -5/38      AC:  5    Str: 12    XL:     4   Next: 0%
Magic:  2/6        EV: 12    Int: 16    God:
Gold:   189        SH:  0    Dex: 13    Spells: 2/6 levels left

rFire    . . .     SeeInvis .   (no weapon)
rCold    . . .     Gourm    .   (no shield)
rNeg     . . .     Faith    .   b - +0 robe
rPois    .         Spirit   .   (no helmet)
rElec    .         Reflect  .   (no cloak)
rCorr    .         Harm     .   q - +1 pair of gloves {archery}
MR       .....                  k - +0 pair of boots
Stlth    ++........             (no amulet)
HPRegen  0.00/turn              a - ring of wizardry
MPRegen  0.10/turn              (no ring)

@: non-regenerating
A: damage resistance, heal wounds, sense surroundings 1, no regeneration
a: Heal Wounds


You were on level 3 of the Dungeon.
You were very hungry.

You visited 1 branch of the dungeon, and saw 3 of its levels.

You collected 189 gold pieces.

Inventory:

Missiles
 n - 27 stones (quivered)
Armour
 b - a +0 robe (worn)
 k - a +0 pair of boots (worn)
 q - a +1 pair of gloves of archery (worn)
Jewellery
 a - a ring of wizardry (left hand)
Scrolls
 e - 5 scrolls of identify {unknown}
 h - a scroll of remove curse {unknown}
 m - a scroll of amnesia {unknown}
 o - a scroll of enchant weapon {unknown}
 s - 2 scrolls of teleportation {unknown}
 t - a scroll of enchant armour {unknown}
Potions
 c - 2 potions of heal wounds {unknown}
 f - 2 potions of flight {unknown}
 g - 2 potions of curing {unknown}
 i - a potion of brilliance {unknown}
 j - a potion of agility
 l - a potion of mutation {unknown}
 r - a potion of lignification {unknown}
Comestibles
 d - 7 rations


   Skills:
 - Level 1.5 Fighting
 - Level 2.1 Dodging
 - Level 2.4 Stealth
 - Level 1.7 Spellcasting
 + Level 1.2 Conjurations
   Level 0.8 Transmutations
 + Level 5.4 Earth Magic


You had 2 spell levels left.
You knew the following spells:

 Your Spells              Type           Power        Failure   Level  Hunger
a - Sandblast             Erth           ###...       1%          1    ##.....
b - Stone Arrow           Conj/Erth      ##....       6%          3    ####...

Your spell library contained the following spells:

 Spells                   Type           Power        Failure   Level  Hunger
 Passwall                 Tmut/Erth      ##......     3%          2    ###....
 Petrify                  Tmut/Erth      ##......     24%         4    #####..
 Lee's Rapid Deconstruct  Erth           ###.......   26%         5    ######.


Dungeon Overview and Level Annotations

Branches:
Dungeon (3/15)

Altars:
Ashenzari
Cheibriados

Annotations:
D:3 Terence


Innate Abilities, Weirdness & Mutations

You are resistant to damage.
You can heal yourself by infusing magical energy.
You passively map a small area around you.
You do not regenerate.


Message History

Terence hits you with a flail!
* * * LOW HITPOINT WARNING * * *
You hit Terence but do no damage.
Terence is severely wounded.
Terence hits you but does no damage.
You hit Terence but do no damage.
Terence is severely wounded.
Terence barely misses you.
You hit Terence but do no damage.
Terence is severely wounded.
You hit Terence but do no damage.
Terence is severely wounded.
Terence closely misses you.
You hit Terence but do no damage.
Terence is severely wounded.
Terence misses you.
You hit Terence.
Terence is almost dead.
Terence hits you with a flail!
You die...

###.### #.......
###.### #.######
#.....# ##.## #
#.#.#.# ##...#####
#.#.#.# #.........
#.#.#.# ##....####
#>#.#.#####.#.# #
#@#...........####
#@###.#####.......
#.....# ########
#######


You could see Terence.

Vanquished Creatures
  2 adders
  2 dart slugs
  A leopard gecko (D:3)
  An orc (D:3)
  A giant cockroach (D:2)
  4 goblins
  6 hobgoblins
  4 jackals (D:3)
  3 kobolds
  A quokka (D:2)
  9 bats
  3 frilled lizards
  6 rats
43 creatures vanquished.

Notes
Turn   | Place    | Note
-------+----------+-------------------------------------------
     0 | D:1      | Morrissey the Deep Dwarf Earth Elementalist began the quest
                  | for the Orb.
     0 | D:1      | Reached XP level 1. HP: 15/15 MP: 3/3
   179 | D:1      | Reached skill level 1 in Fighting
   179 | D:1      | Reached XP level 2. HP: 25/25 MP: 2/4
   638 | D:2      | Reached XP level 3. HP: 31/31 MP: 2/5
   675 | D:2      | Learned a level 3 spell: Stone Arrow
   810 | D:2      | Found a snail-covered altar of Cheibriados.
   812 | D:2      | Reached skill level 5 in Earth Magic
   934 | D:2      | Found a shattered altar of Ashenzari.
  1480 | D:3      | Noticed Terence
  1509 | D:3      | Reached skill level 1 in Conjurations
  1747 | D:3      | Reached XP level 4. HP: 35/38 MP: 2/6
  2005 | D:3      | Slain by Terence

Skill      XL: |  1  2  3 |
---------------+----------+-----
Fighting       | 1 |  1.5
Earth Magic    | 5 |  5.4
Conjurations   | 1 |  1.2
Dodging        | |  2.1
Stealth        | |  2.4
Spellcasting   | |  1.7
Transmutations | |  0.8

Action                   |  1- 3 |  4- 6 || total
-------------------------+-------+-------++-------
Melee: Unarmed           |    16 |    18 ||    34
 Cast: Sandblast         |    52 |    21 ||    73
       Stone Arrow       |     4 |     1 ||     5
 Abil: Heal Wounds       |       |     1 ||     1
  Eat: Chunk             |     4 |       ||     4
Armor: Robe              |    11 |     6 ||    17
Dodge: Dodged            |    30 |    17 ||    47
